 Dungeon Crawl Stone Soup version 0.24-a0-582-g4d4af813a0 (webtiles) character file.

Game seed: 13052707319584298197

180 DasRunzen the Skirmisher (level 5, -2/47 HPs)
             Began as a Minotaur Fighter on Aug 27, 2019.
             Slain by a sky beast (5 damage)
             ... on level 2 of the Dungeon.
             The game lasted 00:02:32 (1474 turns).

DasRunzen the Skirmisher (Minotaur Fighter)         Turns: 1474, Time: 00:02:32

Health: -2/47      AC:  7    Str: 21    XL:     5   Next: 33%
Magic:  4/4        EV:  7    Int:  5    God:
Gold:   103        SH:  9    Dex: 10    Spells: 4/4 levels left

rFire    . . .     SeeInvis .   a - +0 war axe
rCold    . . .     Gourm    .   c - +0 shield
rNeg     . . .     Faith    .   b - +0 scale mail
rPois    .         Spirit   .   (helmet restricted)
rElec    .         Reflect  .   (no cloak)
rCorr    .         Harm     .   (no gloves)
MR       .....                  (no boots)
Stlth    ..........             (no amulet)
HPRegen  0.15/turn              (no ring)
MPRegen  0.09/turn              (no ring)

@: no status effects
A: retaliatory headbutt, horns 2
a: no special abilities


You were on level 2 of the Dungeon.
You were hungry.

You visited 1 branch of the dungeon, and saw 2 of its levels.

You collected 103 gold pieces.

Inventory:

Hand Weapons
 a - a +0 war axe (weapon)
Armour
 b - a +0 scale mail (worn)
 c - a +0 shield (worn)
Jewellery
 o - an uncursed amulet of harm {unknown}
Scrolls
 i - a scroll of teleportation
 k - 2 scrolls of identify
 m - a scroll of fog
Potions
 d - a potion of might
 e - a potion of cancellation {unknown}
 g - a potion of magic {unknown}
 h - a potion of haste
 j - a potion of lignification
 l - a potion of brilliance
 n - a potion of ambrosia {unknown}
 p - a potion of heal wounds {unknown}
Comestibles
 f - 6 rations


   Skills:
 + Level 4.8 Fighting
 + Level 3.9 Axes
 + Level 4.8 Armour
 + Level 4.8 Shields


You had 4 spell levels left.
You didn't know any spells.
Your spell library was empty.

Dungeon Overview and Level Annotations

Branches:
Dungeon (2/15)

Altars:
Yredelemnul

Annotations:
D:2 1 transporter


Innate Abilities, Weirdness & Mutations

You reflexively headbutt those who attack you in melee.
You have a pair of horns on your head.


Message History

The scorpion stings you! You block the sky beast's attack.
The scorpion closely misses you.
Unknown command.
You slash the scorpion!
You kill the scorpion!
You have reached level 5!
You closely miss the sky beast. The sky beast closely misses you.
You miss the sky beast.
The sky beast is moderately wounded.
The sky beast hits you.
* * * LOW HITPOINT WARNING * * *
The sky beast shocks you.
* * * LOW HITPOINT WARNING * * *
Unknown command.
You hit the sky beast but do no damage.
The sky beast is moderately wounded.
The sky beast hits you.
* * * LOW HITPOINT WARNING * * *
The sky beast shocks you.
You die...

#.#.#...###.....©.....## #.#
#.#.###.##..#########..# #.#
#.#.###.##.##8$._.$8##.# ##.##
#.#........#..%$$??..#.###...##
....÷......#.........#..>.....#
######...#.#.........#.###...##
#...##.#........©#.# ##.####
#.####.#.........#.# #....# #.#
#.#...†@....#.# ####.# #.#
#.#...†Y†...#.# #.# #.#
#.##8.....8##.# #.#
#####.####..#########..#####
#.#
#.........#.....©..........#
#.#
#.###.##...####....###.###.#
#.# #.#
#.#.......>..........#.# #.#
#.#
#........###...###.#.#.###.#
#.# #........# ##.##
#.........#


You could see a sky beast.

Vanquished Creatures
  A bullfrog (D:2)
  A scorpion (D:2)
  An adder (D:2)
  A worm (D:2)
  4 dart slugs (D:1)
  A leopard gecko (D:1)
  3 bats
  5 giant cockroaches
  2 goblins (D:1)
  2 hobgoblins (D:1)
  2 jackals (D:2)
  6 kobolds (D:1)
  6 frilled lizards
  A quokka skeleton (D:2)
  7 rats
43 creatures vanquished.

Notes
Turn   | Place    | Note
-------+----------+-------------------------------------------
     0 | D:1      | DasRunzen the Minotaur Fighter began the quest for the Orb.
     0 | D:1      | Reached XP level 1. HP: 19/19 MP: 0/0
   196 | D:1      | Reached XP level 2. HP: 24/27 MP: 1/1
   326 | D:1      | Reached XP level 3. HP: 33/33 MP: 2/2
  1217 | D:2      | Noticed a bullfrog
  1224 | D:2      | Noticed a sky beast
  1240 | D:2      | Found a basalt altar of Yredelemnul.
  1246 | D:2      | Found a transporter.
  1301 | D:2      | Noticed a scorpion
  1305 | D:2      | Found a transporter.
  1468 | D:2      | Killed a bullfrog
  1468 | D:2      | Reached XP level 4. HP: 19/41 MP: 3/3
  1472 | D:2      | Reached XP level 5. HP: 15/47 MP: 4/4
  1474 | D:2      | Slain by a sky beast

Levels and vault maps discovered:
D:1:      lemuel_arrival_tunnels, layout_basic
D:2:      layout_loops_corners, gammafunk_temple_overflow_arena

Skill      XL: |  1  2 |
---------------+-------+-----
Fighting       | 4 |  4.8
Armour         | 4 |  4.8
Shields        | 4 |  4.8
Axes           | 3 |  3.9

Action                   |  1- 3 |  4- 6 || total
-------------------------+-------+-------++-------
Melee: War axe           |    84 |     6 ||    90
       Headbutt          |    12 |     1 ||    13
  Use: Scroll            |     7 |       ||     7
  Eat: Chunk             |     1 |       ||     1
Armor: Scale mail        |    39 |     4 ||    43
Dodge: Dodged            |    22 |     8 ||    30
Block: Shield            |    47 |     5 ||    52

Table legend:
 A = Non-vault XP
 B = Vault XP
 C = Vault XP percentage of total XP
 D = Non-vault monster count
 E = Vault monster count
 F = Vault count percentage of total count
                 A         B        C        D         E       F
            +---------+---------+-------+---------+---------+-------
      Total |      83 |     175 |  67.8 |      38 |       5 |  11.6
            +---------+---------+-------+---------+---------+-------
        D:1 |      51 |       0 |   0.0 |      27 |       0 |   0.0
        D:2 |      32 |     175 |  84.5 |      11 |       5 |  31.2
            +---------+---------+-------+---------+---------+-------
